[Event "Early-Titled-Tuesday-Blitz-May-28-2024"]
[Site "Chess.com"]
[Date "2024.05.28"]
[Round "6"]
[White "manitodeplomo"]
[Black "unbreakablepawn35"]
[Result "1-0"]
[WhiteElo "2560"]
[BlackElo "2383"]
[TimeControl "180+1"]
[EndTime "9:06:17 PDT"]
[Termination "manitodeplomo won by resignation"]

1. d4 Nf6 2. c4 g6 3. Nc3 Bg7 4.
e4 d6 5. Be2 O-O 6. Nf3 e5 7.
d5 Nbd7 8. Be3 a5 9. Nd2 Nc5 10. O-O Ne8 11. a3 f5 12. f3 f4 13. Bf2 g5 14. b4 Nd7 15. c5 h5 16. Nc4 b6 17.
cxb6 Nxb6 18. Nxa5 Qf6 19. Bxb6 cxb6 20. Nc4 Rb8 21. a4 Qg6 22. a5 bxa5 23. bxa5 g4 24. a6 g3 25. h3 Qg5 26. a7 Ra8 27. Nb6 Qh4 28. Nxc8 1-0

[Event "Early-Titled-Tuesday-Blitz-May-28-2024"]
[Site "Chess.com"]
[Date "2024.05.28"]
[Round "6"]
[White "David_George21"]
[Black "KatakuriDono"]
[Result "1-0"]
[WhiteElo "2400"]
[BlackElo "2262"]
[TimeControl "180+1"]
[EndTime "9:06:18 PDT"]
[Termination "David_George21 won by resignation"]

1. e4 c5 2. Nf3 Nc6 3. d4 cxd4 4.
Nxd4 Qb6 5. Nb3 Nf6 6. Nc3 e6 7. Be3 Qc7 8. Be2 Bb4 9. f3 d5 10. O-O Bxc3 11. bxc3 O-O 12. Bd3 Ne5 13. Bf4 Qxc3 14.
Qe2 Nxd3 15. cxd3 b6 16. Bd6 Rd8 17. e5 Ba6 18. Be7 Bxd3 19. Qe3 d4 20. Qg5 Re8 21. exf6 Bg6 22. fxg7 Rac8 23. Bf6 Qe3+ 24. Qxe3 dxe3 25. Rfe1 Rc2 26. Rxe3 Rec8 27. Nd4 Rd2 28. Re2 Rd3 29.
Kf2 Rc5 30. Nb3 Rcd5 31. Rc1 1-0

[Event "Early-Titled-Tuesday-Blitz-May-28-2024"]
[Site "Chess.com"]
[Date "2024.05.28"]
[Round "6"]
[White "Yaacovn"]
[Black "1stSecond"]
[Result "0-1"]
[WhiteElo "2870"]
[BlackElo "2929"]
[TimeControl "180+1"]
[EndTime "9:06:19 PDT"]
[Termination "1stSecond won by resignation"]

1. d4 Nf6 2. e3 g6 3. Nf3 Bg7 4.
Be2 O-O 5. O-O d5 6. b4 a5 7.
b5 c5 8. bxc6 Nxc6 9. Ba3 Bf5 10. c3 a4 11. Nbd2 Qa5 12. Rc1 Rfe8 13. Ne1 e5 14.
Bd3 Bg4 15. f3 Bd7 16. Kh1 Bh6 17. Nc2 Qxc3 18. Bb5 exd4 19. Bxc6 bxc6 20. Bb4 Qd3 21. exd4 Rab8 22. Nb1 Qxd1 23. Rcxd1 Re2 24. Bd2 Rxb1 25.
Rxb1 Bxd2 26. Nb4 Bxb4 27. Rxb4 Rxa2 28. h3 Nh5 29. Rb7 Ng3+ 0-1

[Event "Early-Titled-Tuesday-Blitz-May-28-2024"]
[Site "Chess.com"]
[Date "2024.05.28"]
[Round "6"]
[White "Masterbeaterr"]
[Black "kachsona"]
[Result "1-0"]
[WhiteElo "2485"]
[BlackElo "2627"]
[TimeControl "180+1"]
[EndTime "9:06:19 PDT"]
[Termination "Masterbeaterr won on time"]

1. d4 d5 2. c4 e6 3. Nc3 Nf6 4. Nf3 Bb4 5. e3 O-O 6. Bd2 Nbd7 7. cxd5 exd5 8. Rc1 c6 9. g3 Re8 10. Bg2 Nf8 11. O-O Bf5 12. Qb3 a5 13. a3 Bd6 14.
Qxb7 Rb8 15. Qxc6 Rxb2 16. Nxd5 Ne4 17. Bc3 Bd7 18. Qa6 Nxc3 19. Nxc3 Bxa3 20. Qa7 Bd6 21. Rb1 Rc2 22. Rfc1 Rxc1+ 23. Rxc1 Qa8 24. Qxa8 Rxa8 25. Ne5 Rc8 26. Nxd7 Nxd7 27. Bh3 Bb4 28. Na2 Rxc1+ 29. Nxc1 Nb6 30. Na2 Bd6 31. Kf1 a4 32. Ke2 a3 33.
Kd3 Nd5 34. Kc4 Nf6 35. f3 Kf8 36. Bf1 h5 37. e4 Be7 38. e5 Nd7 39. f4 Nb6+ 40.
Kb5 Nd5 41. Bc4 Ne3 42. d5 1-0

[Event "Early-Titled-Tuesday-Blitz-May-28-2024"]
[Site "Chess.com"]
[Date "2024.05.28"]
[Round "6"]
[White "RantomOpening"]
[Black "urano56"]
[Result "1-0"]
[WhiteElo "2569"]
[BlackElo "2416"]
[TimeControl "180+1"]
[EndTime "9:06:19 PDT"]
[Termination "RantomOpening won by resignation"]

1. e4 e6 2. Qe2 c5 3. Nf3 Nc6 4. g3 Nf6 5. Bg2 Be7 6. O-O O-O 7. d3 d5 8. e5 Nd7 9. c4 d4 10. h4 Rb8 11. Bf4 Re8 12. Nbd2 Nf8 13. Ne4 b5 14. b3 bxc4 15. bxc4 Ng6 16. Bg5 f6 17. exf6 gxf6 18. Bh6 e5 19. h5 Nf8 20. Nh4 f5 21. Nxc5 Bxc5 22. Bxc6 Qf6 23. Bxe8 Qxh6 24. Qxe5 Qd6 25. Qxd6 Bxd6 26. Rab1 Rxb1 27. Rxb1 f4 28. Bc6 fxg3 29.
fxg3 Bxg3 30. Nf3 Bf4 31. Re1 Be3+ 32. Kg2 Kg7 33. Bd5 Kh6 34. Ne5 Kxh5 35. c5 Kh4 36. Rh1+ Kg5 37. Nf7+ Kf6 38. Nd6 Bg4 39. Rf1+ Ke7 40.
Rf7+ 1-0

[Event "Early-Titled-Tuesday-Blitz-May-28-2024"]
[Site "Chess.com"]
[Date "2024.05.28"]
[Round "6"]
[White "Kacparov"]
[Black "Konavets"]
[Result "1-0"]
[WhiteElo "2946"]
[BlackElo "3070"]
[TimeControl "180+1"]
[EndTime "9:06:21 PDT"]
[Termination "Kacparov won by resignation"]

1. e4 e5 2. Nf3 Nc6 3. Bc4 Nf6 4. d3 Bc5 5. c3 d6 6. Bb3 a6 7. Nbd2 Ba7 8. h3 O-O 9. Nf1 Re8 10. N3h2 Na5 11. Bc2 d5 12. Qf3 d4 13. Ng3 b5 14.
Ng4 Re6 15. Bg5 dxc3 16. bxc3 Rc6 17. Nxf6+ gxf6 18. Bd2 Kh8 19. Nh5 b4 20. Bh6 f5 21.
Bg7+ Kg8 22. exf5 Qg5 23. Ba4 bxc3 24. O-O Bb7 25. Bxc6 Nxc6 26. Bf6 Nd4 27. Qxb7 1-0

[Event "Early-Titled-Tuesday-Blitz-May-28-2024"]
[Site "Chess.com"]
[Date "2024.05.28"]
[Round "6"]
[White "The_Machine04"]
[Black "AlbusSevresPotter"]
[Result "1-0"]
[WhiteElo "2800"]
[BlackElo "2551"]
[TimeControl "180+1"]
[EndTime "9:06:21 PDT"]
[Termination "The_Machine04 won by resignation"]

1. d4 Nf6 2. Nf3 e6 3. e3 b6 4. Nbd2 c5 5. Bd3 Bb7 6. O-O Be7 7. c3 O-O 8. Qe2 d5 9. Ne5 Nfd7 10. f4 f6 11. Qh5 f5 12. Ndf3 Qe8 13. Qh3 Nf6 14. g4 g6 15. Bd2 Nc6 16. Be1 Ne4 17. gxf5 exf5 18. Kh1 Bf6 19. Rg1 Ne7 20. Rg2 a5 21. Bh4 Ba6 22. Bxf6 Rxf6 23. Bxe4 fxe4 24. Ng5 h5 25.
Rag1 Bc8 26. Qh4 Nf5 27. Qf2 Ra7 28. Nh3 Rg7 29. Rg5 Nh6 30. Qg2 Ng4 31. Qg3 cxd4 32. cxd4 Bf5 33. Nf2 Nh6 34. Rxh5 Be6 35. Rxh6 1-0

[Event "Early-Titled-Tuesday-Blitz-May-28-2024"]
[Site "Chess.com"]
[Date "2024.05.28"]
[Round "6"]
[White "guillembaches"]
[Black "Kors67"]
[Result "1-0"]
[WhiteElo "2501"]
[BlackElo "2264"]
[TimeControl "180+1"]
[EndTime "9:06:22 PDT"]
[Termination "guillembaches won by resignation"]

1. d4 Nf6 2. Nf3 c5 3. e3 b6 4.
Bd3 Bb7 5. O-O g6 6. b3 Bg7 7. Bb2 O-O 8. c4 cxd4 9. exd4 d5 10. Nbd2 Nc6 11. Rc1 dxc4 12. bxc4 Rc8 13. Re1 e6 14.
Qe2 Ne7 15. Ne5 Nf5 16. Ndf3 Nd7 17. Be4 Bxe4 18. Qxe4 Nxe5 19. dxe5 Qc7 20. g4 Ne7 21.
Ba3 Rfe8 22. Bd6 Qc6 23. Qxc6 Nxc6 24. c5 Bf8 25. Red1 bxc5 26. Rxc5 Nb4 27. Ra5 Red8 28. Rxa7 Nc6 29. Ra6 Nb4 30. Ra4 Nc6 31. h3 Nxe5 32.
Nxe5 Rxd6 33. Rxd6 Bxd6 34. Nd7 Rc7 35. Nf6+ Kg7 36.
Ne8+ 1-0

[Event "Early-Titled-Tuesday-Blitz-May-28-2024"]
[Site "Chess.com"]
[Date "2024.05.28"]
[Round "6"]
[White "FischerKasparow"]
[Black "HanSchut"]
[Result "0-1"]
[WhiteElo "2107"]
[BlackElo "2341"]
[TimeControl "180+1"]
[EndTime "9:06:22 PDT"]
[Termination "HanSchut won by checkmate"]

1. e4 c5 2. Nf3 d6 3. d4 cxd4 4. Nxd4 Nf6 5. Nc3 g6 6. Be3 Bg7 7. f3 O-O 8. Qd2 Nc6 9. Bc4 Bd7 10. O-O-O Rc8 11. Bb3 Nxd4 12. Bxd4 b5 13. h4 a5 14. a4 bxa4 15. Nxa4 Bxa4 16. Bxa4 Rc4 17. Bb3 Nxe4 18. fxe4 Rxd4 19. Qe3 Qb6 20. Rxd4 Bxd4 21. Qd3 a4 22. Bc4 Qxb2+ 23. Kd2 Be5 24. h5 g5 25.
Rf1 e6 26. g3 Rc8 27. Qf3 Qb4+ 28. Kd1 Qxc4 29. Qxf7+ Kh8 30. Rf2 Qd4+ 31. Ke2 Rxc2+ 32. Kf1 Rxf2+ 33. Qxf2 Qxf2+ 34. Kxf2 a3 35. Ke3 a2 36. Kd3 a1=Q 37. Kc4 Qd4+ 38. Kb5 Qxe4 39. g4 Qxg4 40. h6 Qd4 41. Kc6 g4 42. Kd7 Qa7+ 43. Kxe6 g3 44.
Kf5 g2 45. Ke4 g1=Q 46. Kf3 Qaf2+ 47. Ke4 Qgg2+ 48. Kd3 Qd4# 0-1

[Event "Early-Titled-Tuesday-Blitz-May-28-2024"]
[Site "Chess.com"]
[Date "2024.05.28"]
[Round "6"]
[White "JJDAREK"]
[Black "Szachulec75"]
[Result "1-0"]
[WhiteElo "2361"]
[BlackElo "2169"]
[TimeControl "180+1"]
[EndTime "9:06:24 PDT"]
[Termination "JJDAREK won by resignation"]

1. d4 Nf6 2. c4 d6 3. Nc3 Nbd7 4.
e4 e5 5. d5 Be7 6. g3 O-O 7.
Bg2 Ne8 8. Nge2 Bg5 9. f4 exf4 10. gxf4 Bh4+ 11. Ng3 f5 12. exf5 Rxf5 13. O-O Rf8 14. Nce4 Ndf6 15. Ng5 Bxg5 16. fxg5 Nd7 17. Rxf8+ Nxf8 18.
Be3 Qe7 19. Qd2 Ng6 20. Re1 Ne5 21. b3 Qf7 22. Rf1 Qe7 23. Nf5 Bxf5 24. Rxf5 g6 25. Rf1 Ng7 26. Bh3 b6 27. Kg2 Rf8 28. Rxf8+ Qxf8 29. Qf2 Qe7 30. Qf6 Qxf6 31. gxf6 Nh5 32. Be6+ Kf8 33. Bh6+ Ke8 34. Bg7 Nf7 35. Kf3 Ng5+ 36.
Kg4 Nf7 37. h4 1-0

[Event "Early-Titled-Tuesday-Blitz-May-28-2024"]
[Site "Chess.com"]
[Date "2024.05.28"]
[Round "6"]
[White "Pertinhez76"]
[Black "dianamirza"]
[Result "1-0"]
[WhiteElo "2263"]
[BlackElo "2006"]
[TimeControl "180+1"]
[EndTime "9:06:25 PDT"]
[Termination "Pertinhez76 won on time"]

1. d4 Nf6 2. Bf4 d6 3. Nc3 g6 4. e4 Bg7 5. Qd2 O-O 6. O-O-O c5 7. Nge2 cxd4 8. Nxd4 Nc6 9. Nb3 a5 10. a4 Be6 11. Bb5 Bxb3 12. cxb3 Rc8 13. Kb1 Na7 14. f3 Nxb5 15. Nxb5 Re8 16. g4 Nd7 17. h4 Ne5 18. Qe3 Rc6 19. h5 Qd7 20. Bh6 Bh8 21. hxg6 hxg6 22.
Rh2 f5 23. gxf5 gxf5 24. Rg1+ Kf7 25. Qf4 Ng6 26. Qxf5+ Qxf5 27. exf5 Ne5 28. Rh3 Rg8 29. Rxg8 Kxg8 30. Bd2 Kf7 31. Bxa5 Bf6 32. Bc3 Nd7 33.
Rh7+ Ke8 34. Bxf6 Nxf6 35. Rh8+ Kd7 36. Rb8 b6 37. Rb7+ Ke8 38. Nd4 Rc5 39. Rxb6 Nd5 40.
Rb7 Ne3 41. f6 exf6 42. Ne6 1-0

[Event "Early-Titled-Tuesday-Blitz-May-28-2024"]
[Site "Chess.com"]
[Date "2024.05.28"]
[Round "6"]
[White "Blitz_Lover1"]
[Black "jbking07"]
[Result "1-0"]
[WhiteElo "2545"]
[BlackElo "2378"]
[TimeControl "180+1"]
[EndTime "9:06:26 PDT"]
[Termination "Blitz_Lover1 won by resignation"]

1. e4 c5 2. Nf3 d6 3. d4 cxd4 4.
Nxd4 Nf6 5. Nc3 Nc6 6. Bg5 e6 7. Qd2 a6 8. O-O-O Bd7 9. f4 b5 10. Bxf6 Qxf6 11. e5 dxe5 12. Ndxb5 Qd8 13. Nd6+ Bxd6 14.
Qxd6 exf4 15. Bxa6 Qe7 16. Bb7 Qxd6 17. Rxd6 Ke7 18. Rxc6 Bxc6 19. Bxc6 Ra6 20. Bf3 g5 21. b4 h5 22. h3 Ra7 23. b5 Rc8 24. b6 Ra3 25. b7 Rd8 26. Kb2 Ra5 27. Rd1 f5 28. Rxd8 Kxd8 29. b8=Q+ 1-0

[Event "Early-Titled-Tuesday-Blitz-May-28-2024"]
[Site "Chess.com"]
[Date "2024.05.28"]
[Round "6"]
[White "VirtualCoach"]
[Black "KorolDimitriy75"]
[Result "0-1"]
[WhiteElo "2187"]
[BlackElo "2365"]
[TimeControl "180+1"]
[EndTime "9:06:26 PDT"]
[Termination "KorolDimitriy75 won on time"]

1. e4 c5 2. Nf3 d6 3. d4 cxd4 4. Nxd4 Nf6 5. Nc3 g6 6. Be3 Bg7 7. f3 O-O 8. Qd2 Nc6 9. g4 Be6 10. O-O-O Nxd4 11. Bxd4 Qa5 12. a3 Rfc8 13. h4 Rab8 14.
h5 b5 15. hxg6 hxg6 16. Be2 b4 17. Nd5 Bxd5 18. exd5 Qxd5 19. Qe3 Qa2 20. Qxe7 b3 21.
c4 Re8 22. Qxd6 Rbd8 23. Qf4 Rxe2 0-1

[Event "Early-Titled-Tuesday-Blitz-May-28-2024"]
[Site "Chess.com"]
[Date "2024.05.28"]
[Round "6"]
[White "dozer80"]
[Black "Djager97"]
[Result "0-1"]
[WhiteElo "2702"]
[BlackElo "2555"]
[TimeControl "180+1"]
[EndTime "9:06:27 PDT"]
[Termination "Djager97 won by resignation"]

1. e4 e6 2. d4 d5 3. e5 c5 4. c3 Qb6 5. Be2 Nc6 6. Nf3 cxd4 7.
cxd4 Nh6 8. Bxh6 Qxb2 9. Nbd2 gxh6 10. Rb1 Qxa2 11. O-O Qa5 12. Nb3 Qd8 13. Qc1 Bg7 14. Nc5 Qe7 15. Bb5 O-O 16. Bxc6 bxc6 17. Qe3 a5 18.
Rb6 Qc7 19. Rfb1 a4 20. Qa3 f6 21. exf6 Bxf6 22. Nd3 Ba6 23. Nde5 Bb5 24. R1xb5 cxb5 25. Rxb5 Be7 26. Qe3 a3 27. Rb1 a2 28. Ra1 Rfb8 29.
Nd2 Qc2 30. Qxh6 Rb1+ 31. Nf1 Qf5 0-1

[Event "Early-Titled-Tuesday-Blitz-May-28-2024"]
[Site "Chess.com"]
[Date "2024.05.28"]
[Round "6"]
[White "Viacheslav92"]
[Black "djokovic74"]
[Result "0-1"]
[WhiteElo "2543"]
[BlackElo "2756"]
[TimeControl "180+1"]
[EndTime "9:06:29 PDT"]
[Termination "djokovic74 won by resignation"]

1. d4 e6 2. e4 d5 3. Nc3 Nf6 4. Bg5 Be7 5. e5 Nfd7 6. Bxe7 Qxe7 7. f4 a6 8. Nf3 c5 9. Qd2 Nc6 10. O-O-O b5 11. dxc5 Qxc5 12. Nd4 O-O 13. Nxc6 Qxc6 14. Ne2 Nc5 15. Nd4 Qc7 16. Bd3 Bb7 17. Kb1 Rfd8 18. h4 Rac8 19. h5 Ne4 20. Qe3 b4 21. g4 a5 22. g5 Qb6 23. Bxe4 dxe4 24. g6 fxg6 25. hxg6 h6 26. f5 exf5 27. Rxh6 gxh6 28. Qxh6 Qc7 29. Rh1 Qg7 30. Qe3 f4 31. Qxf4 Rxd4 32. Qe3 Rcd8 33. b3 Rd1+ 34. Rxd1 Rxd1+ 35. Kb2 Qxe5+ 36. c3 Qxc3+ 37. Qxc3 bxc3+ 38. Kxc3 e3 39. Kc4 e2 40. Kb5 e1=Q 41. Kb6 Qb4+ 42. Ka7 Bh1 0-1

[Event "Early-Titled-Tuesday-Blitz-May-28-2024"]
[Site "Chess.com"]
[Date "2024.05.28"]
[Round "6"]
[White "ThetNaung291"]
[Black "Semetey"]
[Result "0-1"]
[WhiteElo "2349"]
[BlackElo "2538"]
[TimeControl "180+1"]
[EndTime "9:06:30 PDT"]
[Termination "Semetey won by resignation"]

1. d4 Nf6 2. Nf3 e6 3. Bg5 c5 4.
Bxf6 Qxf6 5. e3 Nc6 6. c3 b6 7.
Nbd2 Bb7 8. Be2 d5 9. O-O Bd6 10. a4 O-O 11. Re1 e5 12. Nxe5 Nxe5 13. dxe5 Bxe5 14.
Nf1 a6 15. Bf3 Rad8 16. Qb3 Rd6 17. Rad1 Rfd8 18. Ng3 g6 19. Rd2 h5 20. h3 h4 21.
Nf1 c4 22. Qc2 Bc8 23. Red1 Bf5 24. Qc1 Bxh3 25. Rxd5 Be6 26. Rxd6 Bxd6 27. Rd4 h3 28. Qd1 hxg2 29. Bxg2 Bc7 30. Rxd8+ Bxd8 31. Qd6 Qe7 32. Qb8 Qc7 33. Qa8 a5 34. Ng3 Kg7 35. Ne2 Bd7 36.
Nd4 Bxa4 37. Qe4 Bf6 38. Qg4 Bd7 39. Qe4 b5 40. f4 b4 41. Kf2 bxc3 42. bxc3 a4 43.
Qa8 Bxd4 44. cxd4 c3 45. Be4 c2 0-1

[Event "Early-Titled-Tuesday-Blitz-May-28-2024"]
[Site "Chess.com"]
[Date "2024.05.28"]
[Round "6"]
[White "Sofia_Blokhin"]
[Black "Narek_Ghimoyan"]
[Result "0-1"]
[WhiteElo "2265"]
[BlackElo "2428"]
[TimeControl "180+1"]
[EndTime "9:06:30 PDT"]
[Termination "Narek_Ghimoyan won by checkmate"]

1. d4 Nf6 2. c4 b6 3. Nc3 Bb7 4. e3 e6 5. Nf3 Be7 6. Bd3 d5 7. cxd5 Nxd5 8. e4 Nxc3 9. bxc3 O-O 10. O-O c5 11. Bb2 cxd4 12. cxd4 Nc6 13. a3 Bf6 14. e5 Be7 15. Re1 Na5 16. Nd2 Rc8 17. Ne4 Nc4 18.
Bc1 Qd5 19. Qg4 Nxe5 20. dxe5 Qxd3 21. Bh6 g6 22. Rad1 Qxa3 23. Bxf8 Rxf8 24. Nf6+ Kg7 25. Nh5+ Kh8 26. Nf6 Qb4 27. Qh3 Bxf6 28. exf6 Qf4 29.
Qc3 Qg5 30. f3 Bd5 31. Rd2 h5 32. Red1 h4 33. Qa3 Kg8 34. Rxd5 exd5 35. Re1 h3 36.
g3 Qd2 37. Qe7 Qg2# 0-1

[Event "Early-Titled-Tuesday-Blitz-May-28-2024"]
[Site "Chess.com"]
[Date "2024.05.28"]
[Round "6"]
[White "RobertJFischer71"]
[Black "CarlosAlbornoz"]
[Result "0-1"]
[WhiteElo "2652"]
[BlackElo "2848"]
[TimeControl "180+1"]
[EndTime "9:06:31 PDT"]
[Termination "CarlosAlbornoz won by checkmate"]

1. e4 c5 2. Nf3 Nc6 3. d4 cxd4 4. Nxd4 e6 5. Nc3 a6 6. g3 Qc7 7. Bg2 Nf6 8. O-O h5 9. Re1 d6 10. Bg5 Ne5 11. h3 Be7 12. Qe2 Qc4 13. Rad1 Qxe2 14. Ndxe2 Bd7 15. Nd4 Rc8 16. Nce2 b5 17. c3 Nc4 18. Bc1 g6 19. f4 e5 20. Nf3 Nxe4 21. Nxe5 dxe5 22. Bxe4 Bxh3 23. fxe5 h4 24.
Nf4 Bc5+ 25. Kh2 Bg4 26. Bb7 Rb8 27. Bc6+ Kf8 28. Rd5 Bf2 29. Rf1 hxg3+ 30. Kg2 Rh2# 0-1

[Event "Early-Titled-Tuesday-Blitz-May-28-2024"]
[Site "Chess.com"]
[Date "2024.05.28"]
[Round "6"]
[White "KogotBobra17"]
[Black "LLariMarc"]
[Result "0-1"]
[WhiteElo "2642"]
[BlackElo "2516"]
[TimeControl "180+1"]
[EndTime "9:06:36 PDT"]
[Termination "LLariMarc won by resignation"]

1. f4 d5 2. Nf3 Nf6 3. g3 g6 4. Bg2 Bg7 5. O-O O-O 6. d3 c5 7. Nc3 d4 8. Ne4 Nd5 9. Nxc5 Nc6 10. Bd2 Qb6 11. Nb3 a5 12. Rb1 a4 13. Nc1 a3 14. b3 Rd8 15. Kh1 Ncb4 16. Ne5 Be6 17. Nc4 Qc5 18. e4 dxe3 19. Be1 b5 20. Ne5 Qxc2 21. Qxc2 Nxc2 22. Ne2 Nxe1 23. Rfxe1 Rac8 24. Nd4 Nc3 25. Nxe6 fxe6 26. Rbc1 Bxe5 27. fxe5 Nxa2 28.
Ra1 Nb4 29. Rxa3 Nc2 30. Raa1 Nxa1 31. Rxa1 Rxd3 32. Bh3 Rc2 33. Bxe6+ Kg7 34. Re1 e2 35. Kg1 Rd1 36. Kf2 Rxe1 37. Kxe1 b4 38. Bc4 Rxc4 39.
bxc4 b3 40. Kxe2 b2 0-1

[Event "Early-Titled-Tuesday-Blitz-May-28-2024"]
[Site "Chess.com"]
[Date "2024.05.28"]
[Round "6"]
[White "Eloist"]
[Black "Boundless_Strike"]
[Result "1-0"]
[WhiteElo "2443"]
[BlackElo "2607"]
[TimeControl "180+1"]
[EndTime "9:06:36 PDT"]
[Termination "Eloist won by checkmate"]

1. e4 d5 2. exd5 Nf6 3. Nf3 Bg4 4. Bb5+ c6 5. dxc6 Nxc6 6. h3 Bh5 7. O-O g5 8. d4 g4 9. hxg4 Bxg4 10. Bg5 Qd6 11.
Nbd2 O-O-O 12. c3 Rg8 13. Bh4 Qd5 14. Bc4 Qh5 15. Re1 Bh6 16. Bg3 Bxd2 17. Qxd2 Bxf3 18. Qf4 Rxg3 19. fxg3 Bd5 20. Be2 Qg6 21. c4 Be4 22. d5 Nd4 23. Bd3 Bxd3 24. Qxd4 Kb8 25.
Rxe7 Be4 26. Qe5+ Ka8 27. Rf1 Ng4 28. Re8 Qg8 29. Rxg8 Nxe5 30. Rxd8# 1-0

[Event "Early-Titled-Tuesday-Blitz-May-28-2024"]
[Site "Chess.com"]
[Date "2024.05.28"]
[Round "6"]
[White "Pintacara"]
[Black "xakevicius91"]
[Result "0-1"]
[WhiteElo "2635"]
[BlackElo "2510"]
[TimeControl "180+1"]
[EndTime "9:06:40 PDT"]
[Termination "xakevicius91 won by resignation"]

1. d4 Nf6 2. c4 e6 3. Nf3 b6 4. Nc3 Bb4 5. g3 Bb7 6. Bg2 O-O 7. O-O Bxc3 8. bxc3 d6 9. Bg5 Nbd7 10. Re1 h6 11.
Bd2 Qe7 12. Qc2 Be4 13. Qc1 e5 14. Nh4 Bxg2 15. Nxg2 Qe6 16. Ne3 Ng4 17. Nxg4 Qxg4 18. f3 Qe6 19. d5 Qg6 20. e4 f5 21. Qc2 fxe4 22. Qxe4 Qh5 23. Kg2 Rae8 24. Be3 Nf6 25. Qc2 Nd7 26. g4 Qh4 27. Bf2 Qf6 28. Qe4 Qe7 29.
Rad1 Rf4 30. Qxf4 exf4 31. Rxe7 Rxe7 32. Re1 Rxe1 33. Bxe1 Ne5 34. g5 hxg5 35. Kh3 Kf7 36. Bf2 Kf6 37. Bd4 Kf5 38. Kg2 g4 39. fxg4+ Kxg4 40. h3+ Kf5 41. Kf2 g5 42. a4 Nxc4 0-1

[Event "Early-Titled-Tuesday-Blitz-May-28-2024"]
[Site "Chess.com"]
[Date "2024.05.28"]
[Round "6"]
[White "CrushingKings"]
[Black "Smiechu"]
[Result "0-1"]
[WhiteElo "2582"]
[BlackElo "2439"]
[TimeControl "180+1"]
[EndTime "9:06:40 PDT"]
[Termination "Smiechu won by resignation"]

1. Nf3 d5 2. g3 Nf6 3. Bg2 e6 4. O-O Bd6 5. c4 c6 6. b3 O-O 7. Bb2 Re8 8. d4 Nbd7 9. Nbd2 Qe7 10. Qc2 Ba3 11. Bxa3 Qxa3 12. e4 dxe4 13. Nxe4 Nxe4 14. Qxe4 Nf6 15. Qe3 a5 16. Ne5 a4 17. Qc3 Nd7 18.
Nd3 Qe7 19. b4 Qf6 20. Ne5 Nxe5 21. dxe5 Qe7 22. Rad1 Bd7 23. Rd6 Red8 24. Rfd1 Be8 25. h4 Rxd6 26. exd6 Qd7 27. c5 f6 28. Bh3 Bf7 29. Re1 Re8 30. Qc4 Qd8 31. Qc2 e5 32. Qxa4 g6 33. Bf1 e4 34. Qc2 f5 35.
Bc4 Qd7 36. Qb2 Bxc4 0-1

[Event "Early-Titled-Tuesday-Blitz-May-28-2024"]
[Site "Chess.com"]
[Date "2024.05.28"]
[Round "6"]
[White "Makswolf200817"]
[Black "alex1531"]
[Result "1-0"]
[WhiteElo "2740"]
[BlackElo "2439"]
[TimeControl "180+1"]
[EndTime "9:06:41 PDT"]
[Termination "Makswolf200817 won by resignation"]

1. d4 Nf6 2. c4 e6 3. g3 c5 4. Nf3 b6 5. d5 Bb7 6. Nc3 b5 7. dxe6 fxe6 8. Nxb5 d5 9. Bg2 a6 10. Na3 Bd6 11. O-O O-O 12. cxd5 exd5 13. b3 Nc6 14. Bb2 Ne7 15. Ne5 Qc7 16. Nec4 dxc4 17. Bxb7 Bxg3 18. hxg3 Qxb7 19. Nxc4 Nf5 20. Qd3 Nh6 21. Rad1 Rae8 22. Nd6 Qe7 23. Nxe8 Rxe8 24. Qxa6 Nhg4 25.
Bxf6 Nxf6 26. Qc4+ Kh8 27. f3 h6 28. Kg2 Qe3 29.
Qd3 Qe6 30. e4 Ra8 31. a4 Rb8 32. Qc4 Qe5 33. a5 Qb2+ 34. Rf2 Qa3 35. a6 Rxb3 36. e5 Ng8 37. Rd8 1-0

[Event "Early-Titled-Tuesday-Blitz-May-28-2024"]
[Site "Chess.com"]
[Date "2024.05.28"]
[Round "6"]
[White "Maluco_do_Natal_00"]
[Black "FMalexhdez"]
[Result "0-1"]
[WhiteElo "2037"]
[BlackElo "2260"]
[TimeControl "180+1"]
[EndTime "9:06:41 PDT"]
[Termination "FMalexhdez won on time"]

1. e4 c5 2. Nf3 d6 3. d4 cxd4 4. Nxd4 Nf6 5. Nc3 a6 6. Be3 e5 7.
Nb3 Be6 8. f3 Nbd7 9. Qd2 h5 10.
O-O-O Rc8 11. h3 h4 12. Kb1 Qc7 13. f4 exf4 14. Bxf4 Ne5 15. Nd4 Be7 16. Be2 b5 17.
a3 Nh5 18. Bg5 Ng3 19. Rhe1 Nxe2 20. Ncxe2 Nc4 21. Qf4 Rh5 22. Bxe7 Qxe7 23. Nf5 Qf6 24. Nxd6+ Nxd6 25. Qxd6 Rhc5 26. Nd4 Ba2+ 27. Kxa2 Qxd6 28. Nb3 Qe6 29. Rd2 Rxc2 0-1

[Event "Early-Titled-Tuesday-Blitz-May-28-2024"]
[Site "Chess.com"]
[Date "2024.05.28"]
[Round "6"]
[White "karinachess1"]
[Black "LileKoridze"]
[Result "1-0"]
[WhiteElo "2608"]
[BlackElo "2435"]
[TimeControl "180+1"]
[EndTime "9:06:42 PDT"]
[Termination "karinachess1 won by resignation"]

1. d4 Nf6 2. c4 e6 3. Nc3 Bb4 4. a3 Bxc3+ 5. bxc3 b6 6. f3 Bb7 7. e4 d6 8. Bg5 Nbd7 9. Bd3 O-O 10. Ne2 e5 11. O-O h6 12. Bh4 c6 13.
Qd2 d5 14. f4 dxe4 15. Bc2 exf4 16. Qxf4 Qe7 17. Ng3 Qe6 18. Nxe4 Nh7 19. Nd6 g5 20. Qf5 Qxf5 21. Bxf5 gxh4 22. Nxb7 Ndf6 23. Nd6 Rad8 24. c5 bxc5 25. dxc5 Nd5 26. Rae1 Ng5 27. c4 Nf6 28.
Re7 a5 29. Rb1 Rb8 30. Rbb7 Rxb7 31. Rxb7 Ra8 32. Rb6 Nd7 33. Bxd7 Rd8 34. Bxc6 1-0

[Event "Early-Titled-Tuesday-Blitz-May-28-2024"]
[Site "Chess.com"]
[Date "2024.05.28"]
[Round "6"]
[White "eightbyeightchess"]
[Black "linesman39"]
[Result "1-0"]
[WhiteElo "2421"]
[BlackElo "2272"]
[TimeControl "180+1"]
[EndTime "9:06:42 PDT"]
[Termination "eightbyeightchess won by resignation"]

1. e4 c6 2. d4 d5 3. Nc3 dxe4 4. Nxe4 Nd7 5. Nf3 Ngf6 6. Ng3 e6 7. Bd3 c5 8. c3 Qc7 9. O-O b6 10. Re1 Be7 11. b3 O-O 12. Bb2 Bb7 13. c4 Rad8 14.
d5 Bd6 15. dxe6 fxe6 16. Rxe6 Ng4 17. Rxd6 Bxf3 18. gxf3 Nde5 19. Rxd8 Rxd8 20. fxg4 Rxd3 21. Qe2 Nf3+ 22. Kf1 Qd7 23. h3 b5 24. cxb5 Qxb5 25. Nf5 Nd2+ 26. Kg1 Nf3+ 27. Kg2 Nd4 28. Bxd4 cxd4 29.
Qe6+ 1-0

[Event "Early-Titled-Tuesday-Blitz-May-28-2024"]
[Site "Chess.com"]
[Date "2024.05.28"]
[Round "6"]
[White "Zhigalko_Sergei"]
[Black "Oleksandr_Bortnyk"]
[Result "0-1"]
[WhiteElo "2896"]
[BlackElo "3022"]
[TimeControl "180+1"]
[EndTime "9:06:43 PDT"]
[Termination "Oleksandr_Bortnyk won on time"]

1. e4 Nf6 2. e5 Nd5 3. Nf3 d6 4. d4 dxe5 5. Nxe5 c6 6. Bd3 Nd7 7. O-O Nxe5 8. dxe5 g6 9. a3 Bg7 10. Re1 O-O 11. Qf3 b5 12. Nd2 Be6 13. Ne4 Bxe5 14.
Ng5 Qd6 15. h4 Bh2+ 16. Kh1 Bf4 17. Bxf4 Qxf4 18. Qxf4 Nxf4 19. Nxe6 Nxe6 20. Be4 Rac8 21. a4 b4 22. Bd3 Rc7 23. Bc4 Nd4 24. Rad1 c5 25. c3 bxc3 26. bxc3 Nf5 27. g3 Nd6 28.
Bd5 Rb8 29. Rb1 Rxb1 30. Rxb1 c4 31. Rb8+ Kg7 32. Ra8 Kf6 33. Kg2 h5 34. Kf3 Ke5 35.
Bxf7 Nxf7 36. Rc8 Rxc8 0-1

[Event "Early-Titled-Tuesday-Blitz-May-28-2024"]
[Site "Chess.com"]
[Date "2024.05.28"]
[Round "6"]
[White "SoyuzTM4"]
[Black "elcala"]
[Result "1-0"]
[WhiteElo "2216"]
[BlackElo "2002"]
[TimeControl "180+1"]
[EndTime "9:06:43 PDT"]
[Termination "SoyuzTM4 won by resignation"]

1. e4 e5 2. Nf3 Nf6 3. Nxe5 Nxe4 4. d4 Qe7 5. Be2 Nc6 6. Nf3 d5 7. O-O Bg4 8. h3 Bxf3 9. Bxf3 O-O-O 10. c3 f5 11. b4 h6 12. b5 Nb8 13. Qa4 a6 14. bxa6 Nxa6 15. Be2 Qd6 16. Bb2 Nb8 17. Na3 Qc6 18.
Nb5 Kd7 19. c4 dxc4 20. d5 Qa6 21. Qxc4 Nd6 22. Qb3 Qb6 23. Rac1 Nxb5 24. Bxb5+ Kc8 25. Qd3 Nd7 26. a4 Rg8 27. Qxf5 Bc5 28. Qe6 Qxe6 29.
dxe6 Nb6 30. Rxc5 1-0